 Dungeon Crawl Stone Soup version 0.16.2-2-g470672f (webtiles) character file.

3655 Tegg the Grappler (level 9, -12/80 (81) HPs)
             Began as a Minotaur Monk on Sept 4, 2015.
             Was an Initiate of Makhleb.
             Mangled by a red devil
             ... wielding a +0 demon trident of venom
             ... summoned by a shadow demon
             ... created by the darkness of Dithmenos
              (13 damage)
             ... on level 7 of the Dungeon.
             The game lasted 00:59:11 (8706 turns).

Tegg the Grappler (Minotaur Monk)                   Turns: 8706, Time: 00:59:11

HP:   -12/80 (81)   AC: 10    Str: 17    XL:     9   Next: 88%
MP:   4/4           EV: 17    Int:  7    God:    Makhleb [......]
Gold: 516           SH:  0    Dex: 17    Spells: 0 memorised, 8 levels left

rFire  + . .     SeeInvis .       - Unarmed
rCold  . . .     Rnd*Rage +     t - +0 ring mail (curse)
rNeg   . . .     SustAb   .     (no shield)
rPois  .         Gourm    .     m - +2 hat
rElec  .         Spirit   .     A - +0 cloak
rCorr  .         Warding  .     G - +0 pair of gloves
rMut   +         Stasis   .     (no boots)
MR     .....                    y - amulet of resist mutation
Stlth  ++........               B - ring of fire
                                k - ring of protection from cold

@: lethally poisoned (-12 -> -43), not resistant to hostile enchantments,
unstealthy
A: retaliatory headbutt, horns 2, agile 1, berserk 2
a: Renounce Religion


You were on level 7 of the Dungeon.
You worshipped Makhleb.
Makhleb was noncommittal.
You were full.

You visited 2 branches of the dungeon, and saw 8 of its levels.

You collected 516 gold pieces.

Inventory:

Hand weapons
 q - a +0 mace of holy wrath
 z - a +2 quarterstaff of chaos
Armour
 m - a +2 hat (worn)
 t - a cursed +0 ring mail (worn)
 A - a +0 cloak (worn)
 G - a +0 pair of gloves (worn)
Jewellery
 k - a ring of protection from cold (left hand)
 y - an amulet of resist mutation (around neck)
 B - a ring of fire (right hand)
Magical devices
 o - a wand of paralysis (14)
Scrolls
 e - 2 scrolls of immolation
 i - 4 scrolls of identify
 j - a scroll of noise
 l - 3 scrolls of teleportation
 p - 4 scrolls of remove curse
 u - a scroll of enchant armour
 x - 2 scrolls of fog
 C - a scroll of enchant weapon
 E - a scroll of recharging {unknown}
 H - a scroll of random uselessness {unknown}
Potions
 a - a potion of restore abilities {unknown}
 d - a potion of haste
 h - 2 potions of flight {unknown}
 r - a potion of curing {unknown}
 w - 3 potions of berserk rage {unknown}
 D - a potion of agility
 F - a potion of ambrosia {unknown}
Comestibles
 b - 3 bread rations
 f - 4 meat rations
 g - 6 fruits
 n - 2 slices of pizza
 s - 4 beef jerkies


   Skills:
 + Level 7.8 Fighting
 + Level 0.4 Throwing
 + Level 5.4 Armour
 * Level 9.3 Dodging
 + Level 2.8 Stealth
 * Level 10.4 Unarmed Combat


You had 8 spell levels left.
You didn't know any spells.

Dungeon Overview and Level Annotations

Branches:
Dungeon (7/15)             Temple (1/1) D:4

Altars:
Ashenzari
Cheibriados
Dithmenos
Elyvilon
Fedhas
Gozag
Kikubaaqudgha
Makhleb
Nemelex Xobeh
Okawaru
Qazlal
Ru
Sif Muna
Trog
Vehumet
Xom
Yredelemnul
Zin
The Shining One


Innate Abilities, Weirdness & Mutations

You reflexively headbutt those who attack you in melee.
You have a pair of horns on your head.
You are agile. (Dex +2)
You often lose your temper in combat.


Message History

You are too injured to fight recklessly!
There is a lethal amount of poison in your body!
You punch the shadow demon!
The shadow demon is heavily wounded.
* * * LOW HITPOINT WARNING * * *
You feel very sick. The shadow closely misses you.
The blue devil barely misses you. You furiously retaliate!
You headbutt the blue devil, but do no damage.
The worker ant zombie completely misses you.
The shadow demon hits you.
* * * LOW HITPOINT WARNING * * *
The shadow demon hits you but does no damage.
You are too injured to fight recklessly!
You closely miss the shadow demon.
The shadow demon is moderately wounded.
* * * LOW HITPOINT WARNING * * *
You feel sick.
The red devil hits you from afar with a demon trident of venom!
You die...

#......... ##..#
#........## #..##
#..........# ##..#
#...##.....(## #..##
#....##...>..# ##..#
.............## ##...###
.........))....## ##.......
.........W24....###........
...##...gZ@24....##........
##########...........##
##........### #........##
#........## #
#.........####
##..........#..
#..............
#..............


You could see 2 shadow demons, a blue devil, a red devil, a shadow, a worker ant
zombie and a hobgoblin.

Vanquished Creatures
  The ghost of andalon the Cleaver, an experienced MiFi of Gozag (D:7)
  Grinder (D:4)
  3 ice beasts
  A sky beast (D:7)
  6 ogres
  A phantom (D:4)
  3 centaurs
  A necrophage (D:7)
  Sigmund (D:6)
  6 big kobolds (D:5)
  Blork the orc (D:4)
  2 giant frogs (D:7)
  A water moccasin skeleton (D:5)
  3 wights (D:7)
  2 centaur zombies
  A giant frog skeleton (D:4)
  Crazy Yiuf (D:5)
  An orc priest (D:4)
  2 hounds
  3 orc wizards (D:3)
  An iguana (D:5)
  A killer bee zombie (D:7)
  3 worker ants
  2 hound skeletons
  2 worker ant zombies
  9 adders
  2 gnolls (D:5)
  A worm zombie (D:5)
  A giant mite (D:7)
  3 worms
  2 giant geckos
  13 orcs
  2 ball pythons (D:2)
  A bat skeleton (D:7)
  7 giant cockroaches
  12 hobgoblins
  17 jackals
  50 kobolds
  9 bats
  A giant gecko zombie (D:6)
  6 giant newts
  A giant spore (D:7)
  13 goblins
  A jackal skeleton (D:4)
  A jackal zombie (D:5)
  5 quokkas
  14 rats
  2 ballistomycetes (D:7)
223 creatures vanquished.

Notes
Turn   | Place    | Note
--------------------------------------------------------------
     0 | D:1      | Tegg, the Minotaur Monk, began the quest for the Orb.
     0 | D:1      | Reached XP level 1. HP: 19/19 MP: 1/1
   183 | D:1      | Reached XP level 2. HP: 22/27 MP: 1/1
   878 | D:2      | Reached skill level 5 in Unarmed Combat
   935 | D:2      | Reached XP level 3. HP: 33/33 MP: 2/2
  1203 | D:2      | Found a basalt altar of Yredelemnul.
  1206 | D:2      | Noticed a profane servitor
  1606 | D:2      | Found a glowing golden altar of the Shining One.
  1607 | D:2      | Noticed an angel
  2413 | D:3      | Reached XP level 4. HP: 39/39 MP: 2/2
  2575 | D:3      | Reached skill level 1 in Armour
  2575 | D:3      | Reached XP level 5. HP: 16/46 MP: 2/2
  2636 | D:3      | Reached skill level 5 in Dodging
  3183 | D:3      | Found a deep blue altar of Sif Muna.
  3355 | D:3      | Reached XP level 6. HP: 52/52 MP: 3/3
  3572 | D:4      | Noticed Blork the orc
  3589 | D:4      | Killed Blork the orc
  3589 | D:4      | Reached skill level 6 in Unarmed Combat
  3678 | D:4      | Reached skill level 5 in Fighting
  4057 | D:4      | Reached XP level 7. HP: 51/60 MP: 3/3
  4164 | D:4      | Found a staircase to the Ecumenical Temple.
  4203 | D:4      | Noticed Grinder
  4318 | D:4      | Killed Grinder
  4496 | D:4      | Reached skill level 7 in Unarmed Combat
  5007 | Temple   | Entered the Ecumenical Temple
  5476 | Temple   | Became a worshipper of Dithmenos the Shadowed
  5476 | Temple   | Acquired Dithmenos' first power
  5517 | D:5      | Entered Level 5 of the Dungeon
  5705 | D:5      | Reached XP level 8. HP: 64/69 MP: 3/3
  5747 | D:5      | Found a shimmering altar of Xom.
  5769 | D:5      | Noticed Crazy Yiuf
  5779 | D:5      | Killed Crazy Yiuf
  5989 | D:5      | Reached skill level 8 in Unarmed Combat
  6273 | D:5      | Acquired Dithmenos' second power
  6314 | D:5      | Reached skill level 9 in Unarmed Combat
  6895 | D:5      | Reached XP level 9. HP: 66/77 MP: 4/4
  7235 | D:6      | Noticed Sigmund
  7247 | D:6      | Killed Sigmund
  7747 | D:7      | Found a bloodstained altar of Trog.
  7747 | D:7      | Found an ancient bone altar of Kikubaaqudgha.
  7748 | D:7      | Found a sparkling altar of Nemelex Xobeh.
  7777 | D:7      | Gained mutation: You tend to lose your temper in combat. [mutagenic meat]
  7778 | D:7      | Gained mutation: You often lose your temper in combat. [mutagenic meat]
  7779 | D:7      | Gained mutation: You are agile. (Dex +2) [mutagenic meat]
  8167 | D:7      | Found a burning altar of Makhleb.
  8177 | D:7      | Fell from the grace of Dithmenos
  8177 | D:7      | Became a worshipper of Makhleb the Destroyer
  8464 | D:7      | Reached skill level 10 in Unarmed Combat
  8476 | D:7      | Noticed andalon's ghost (experienced MiFi)
  8516 | D:7      | Killed andalon's ghost
  8516 | D:7      | Reached skill level 5 in Armour
  8697 | D:7      | Noticed a shadow demon
  8697 | D:7      | Noticed a shadow demon
  8705 | D:7      | HP: 3/80 [shadow demon[the darkness of Dithmenos] (6)]
  8706 | D:7      | HP: 1/80 [poisoned by a red devil]
  8706 | D:7      | Mangled by a red devil

Action                   |  1- 3 |  4- 6 |  7- 9 || total
-------------------------+-------+-------+-------++-------
Melee: Unarmed           |   125 |   128 |   409 ||   662
Throw: Javelin           |       |     7 |       ||     7
  Use: Scroll            |     1 |     2 |     6 ||     9
       Potion            |       |     2 |     6 ||     8
 Stab: Sleeping          |       |       |     1 ||     1
       Distracted        |       |       |     1 ||     1
  Eat: Chunk             |     1 |       |     6 ||     7
       Meat ration       |     1 |       |     1 ||     2
       Bread ration      |       |     1 |     3 ||     4
